 Dungeon Crawl Stone Soup version 0.31-a0-521-gc7390f8997 (webtiles) character file.

Game seed: 10222494962883935285

112 Irreverend the Ruffian (level 4, -3/37 HPs)
             Began as a Draconian Shapeshifter on Aug 10, 2023.
             Killed by divine providence
             ... invoked by an orc priest
              (12 damage)
             ... on level 3 of the Dungeon.
             The game lasted 00:03:51 (1737 turns).

Irreverend the Ruffian (Draconian Shapeshifter)     Turns: 1737, Time: 00:03:52

Health: -3/37      AC:  5    Str: 18    XL:     4   Next: 64%
Magic:  4/4        EV: 12    Int: 10    God:
Gold:   31         SH:  0    Dex: 11    Spells: 3/3 levels left

rFire   . .          .
                       - Unarmed
rCold   . . .        (no shield)
rNeg    . . .        (body armour unavailable)
rPois   .            (helmet currently unavailable)
rElec   .            (cloak currently unavailable)
rCorr   .            (gloves currently unavailable)
SInv    .            (boots currently unavailable)
Will    .....        (no amulet)
Stlth   +            (no ring)
HPRegen 0.26/turn    (no ring)
MPRegen 0.09/turn

%: no passive effects
@: beast-form
A: beast (slay +2), AC +5, unfitting armour, cold-blooded
a: Begin Untransformation


You were on level 3 of the Dungeon.
You were a hulking beast.
You visited 1 branch of the dungeon, and saw 3 of its levels.

You collected 31 gold pieces.

Inventory:

Armour
 n - a +0 pair of boots
Talismans
 b - a beast talisman (active)
 c - a flux talisman
Scrolls
 f - a scroll of amnesia {unknown}
 h - a scroll of revelation {unknown}
 j - 5 scrolls of poison {unknown}
 k - a scroll of identify {unknown}
 l - a scroll of vulnerability {unknown}
 m - a scroll of immolation {unknown}
Potions
 d - a potion of might {unknown}
 e - a potion of resistance {unknown}
 g - a potion of ambrosia {unknown}
 i - a potion of brilliance {unknown}


   Skills:
 + Level 2.3 Fighting
 + Level 2.5 Dodging
 + Level 3.9 Unarmed Combat
 * Level 3.6 Shapeshifting


You had 3 spell levels left.
You didn't know any spells.
Your spell library was empty.

Dungeon Overview and Level Annotations

Branches:
Dungeon (3/15)

Altars:
Qazlal
Ru

Shops:
D:1 [   D:2 *


Innate Abilities, Weirdness & Mutations

You are a hulking beast.
Your limbs bulge with bestial killing power. (Slay +2)
Your plain brown scales are hard. (AC +5)
You cannot fit into any form of body armour.
You are cold-blooded and may be slowed by cold attacks.


Message History

You start resting.
An orc comes into view. It is wielding a +0 hand axe.
An orc is nearby!
The orc shouts!
Items here: ))))) [[[ ††.
The orc closely misses you.
You hit the orc.
The orc is almost dead.
The orc hits you with a +0 hand axe.
You closely miss the orc. You tail-slap the orc.
You kill the orc!
You see here a +0 hand axe.
You start resting.
An orc comes into view. It is wielding a +0 whip.
An orc is nearby!
The orc shouts!
An orc comes into view. It is wielding a +0 dagger.
You barely miss the orc. The orc hits you with a +0 whip.
You hit the orc but do no damage.
Your tail-slap misses the orc.
The orc closely misses you.
You hit the orc.
You tail-slap the orc, but do no damage.
The orc is heavily wounded.
The orc hits you with a +0 whip.
You hit the orc.
The orc is heavily wounded.
The orc misses you. The orc closely misses you.
An orc priest comes into view. It is wielding a +0 dagger.
You barely miss the orc.
The orc is heavily wounded.
The orc hits you with a +0 whip. The orc hits you but does no damage.
The orc priest mumbles some strange prayers to Beogh against you.
Beogh smites you!
* * * LOW HITPOINT WARNING * * *
You hit the orc.
The orc is almost dead.
The orc closely misses you.
The orc priest mumbles some strange prayers to Beogh against you.
Beogh smites you!
You die...

#.####..#≈^ #.# #.^^.#
#.# #..^#≈ #.# #...^.
########.####..###
#####..(........#..###
#.....####♣♣♣##.#..#..
####.#†#######♣
#....#.#
.........)oho..♣
###..#.#
#####.#o######.♣
##..#.# #.#.# ♣
♣...#.♣ # #.# ♣♣.##♣♣
#.# ♣♣# #.. ###


You could see an orc priest and 2 orcs.

Vanquished Creatures
  2 orc wizards (D:3)
  A dart slug (D:1)
  5 orcs (D:3)
  4 ball pythons
  5 bats
  4 endoplasms (D:1)
  4 giant cockroaches (D:2)
  2 goblins
  2 hobgoblins
  4 jackals (D:1)
  4 kobolds
  3 quokkas
  3 frilled lizards
  6 rats
49 creatures vanquished.

Notes
Turn   | Place    | Note
-------+----------+-------------------------------------------
     0 | D:1      | Irreverend the Draconian Shapeshifter began the quest for
                  | the Orb.
     0 | D:1      | Reached XP level 1. HP: 16/16 MP: 1/1
   118 | D:1      | Reached XP level 2. HP: 20/23 MP: 2/2
   312 | D:1      | Found Zicemnen's Armour Shoppe.
   492 | D:1      | Reached XP level 3. HP: 26/29 MP: 3/3
   901 | D:2      | Found Barij's Assorted Antiques.
  1403 | D:3      | Found a stormy altar of Qazlal.
  1496 | D:3      | Found a sacrificial altar of Ru.
  1610 | D:3      | Reached XP level 4. HP: 11/36 MP: 4/4
  1737 | D:3      | Killed from afar by an orc priest

Illustrated notes

Levels and vault maps discovered:
D:1:      psy_arrival_radial02, layout_basic, serial_shops, shop
D:2:      layout_rooms, serial_shops, nicolae_shop_advertising_works
          [nicolae_subvault_shop_adworks], hangedman_abyss_or_decor_stabs,
          minmay_misc_feat_square
D:3:      layout_loops_ring, grunt_qazlal_sundering, hangedman_ru_absence,
          hellmonk_ecumenical_altar_the_god_not_taken

Skill      XL: |  1  2  3 |
---------------+----------+-----
Dodging        | 2 |  2.5
Fighting       | 2 |  2.3
Unarmed Combat | |  3.9
Shapeshifting  | |  3.6

Action                     |  1- 3 |  4- 6 || total
---------------------------+-------+-------++-------
  Melee: Unarmed           |   103 |    23 ||   126
         Tailslap          |     7 |     2 ||     9
    Use: Potion            |       |     1 ||     1
   Stab: Sleeping          |     1 |       ||     1
 Armour: Skin              |    22 |     6 ||    28
  Dodge: Dodged            |    73 |     5 ||    78

Table legend: (Time is in decaauts)
 A = Elapsed time spent in this place.
 B = Non-inter-level travel time spent in this place.
 C = Inter-level travel time spent in this place.
 D = Time resting spent in this place.
 E = Time spent auto-exploring this place.
 F = Levels seen in this place.
 G = Mean time per level.
                   A        B        C        D        E       F      G
               +--------+--------+--------+--------+--------+-----+--------+
         Total |   1738 |   1609 |    129 |     97 |   1247 |   3 |  579.3 |
       Dungeon |   1738 |   1609 |    129 |     97 |   1247 |   3 |  579.3 |
               +--------+--------+--------+--------+--------+-----+--------+

Top non-repeatable levels by time:
     D:1: 850 daAuts
     D:2: 552 daAuts
     D:3: 335 daAuts
